Build Orders - Match 34747359 - cohdb - Company of Heroes 3 Replays
cohdb
Replays
Latest Replays
All Replays
Popular Replays
Top Player Replays
Match Explorer
How It Works
Community
CoH3 Stats
Reddit
Sign in to upload your games and track your stats! →
Sign in with Steam
Match 34747359
Unlisted
Match 34747359
Overview
Messages
Build Orders
End
Scout Squad
Scout Squad
Scout Squad
Selects Airborne Battlegroup
Selects Pathfinders
Construct Weapon Support Center
M1919 Machine Gun Team
Infantry Support Center
M3 Armored Personnel Carrier
Engineer Squad
Construct Medical Station
Construct Tank Depot
Selects Paratrooper Squad Paradrop
Paratrooper Squad Paradrop
M4A1 Sherman Medium Tank
Selects Recon Loiter
Selects Supply Drop
Selects Anti-tank Gun Team Paradrop
M4(105) Sherman Bulldozer
Recon Loiter
Anti-tank Gun Team Paradrop
Selects Carpet Bombing Run
M4A1 Sherman Medium Tank
Supply Drop
Recon Loiter
Carpet Bombing Run
Engineer Squad
Orangepest
Rei
0
0
Comments
sign in to comment!
No comments posted yet!